 Dungeon Crawl Stone Soup version 0.30.0-10-gfe55d96785 (webtiles) character file.

Game seed: 7186018286007322548

1523 voltaire321 the Covered (level 8, -3/71 HPs)
             Began as a Minotaur Fighter on May 13, 2023.
             Was a Follower of Makhleb.
             Succumbed to an orc wizard's poison
             ... on level 6 of the Dungeon.
             The game lasted 00:11:19 (5090 turns).

voltaire321 the Covered (Minotaur Fighter)          Turns: 5090, Time: 00:11:19

Health: -3/71      AC: 13    Str: 20    XL:     8   Next: 54%
Magic:  9/9        EV:  6    Int:  7    God:    Makhleb [*.....]
Gold:   362        SH:  9    Dex: 11    Spells: 7/7 levels left

rFire   . . .        a - +0 war axe
rCold   . . .        o - +0 kite shield
rNeg    . . .        h - +0 plate armour
rPois   .            (helmet restricted)
rElec   .            (no cloak)
rCorr   .            (no gloves)
SInv    .            (no boots)
Will    .....        (no amulet) Stlth
                     (no ring)
HPRegen 0.31/turn    (no ring)
MPRegen 0.11/turn

%: no passive effects
@: lethally poisoned (-3 -> -43)
A: horns 2, retaliatory headbutt
a: Renounce Religion


You were on level 6 of the Dungeon.
You worshipped Makhleb.
Makhleb was aware of your devotion.
You visited 2 branches of the dungeon, and saw 7 of its levels.

You collected 362 gold pieces.

Inventory:

Hand Weapons
 a - a +0 war axe (weapon)
Armour
 h - a +0 plate armour (worn)
 o - a +0 kite shield (worn)
Wands
 b - a wand of quicksilver (6)
 v - a wand of mindburst (4)
Scrolls
 c - a scroll of noise {unknown}
 f - 2 scrolls of acquirement {unknown}
 g - 2 scrolls of enchant armour {unknown}
 j - a scroll of blinking {unknown}
 l - 3 scrolls of teleportation {unknown}
 n - a scroll of enchant weapon {unknown}
 q - 2 scrolls of magic mapping {unknown}
Potions
 d - a potion of might
 e - 2 potions of mutation {unknown}
 k - 4 potions of ambrosia {unknown}
 m - 2 potions of magic {unknown}
 r - a potion of resistance
 s - a potion of haste
 t - a potion of brilliance


   Skills:
 + Level 6.5 Fighting
 + Level 5.8 Axes
 + Level 6.6 Armour
 + Level 4.8 Dodging
 + Level 6.6 Shields
 + Level 2.7 Invocations


You had 7 spell levels left.
You didn't know any spells.
Your spell library contained the following spells:

 Spells                   Type           Power      Damage    Failure   Level
 Kiss of Death            Conj/Necr      0%         2d5       100%        1
 Confusing Touch          Hex            0%         N/A       100%        3
 Hailstorm                Conj/Ice       0%         3d3       100%        3
 Animate Dead             Necr           0%         N/A       100%        4
 Dispel Undead            Necr           0%         3d6       100%        4
 Ice Form                 Ice/Tmut       0%         N/A       100%        4
 Simulacrum               Ice/Necr       0%         N/A       100%        6
 Haunt                    Necr/Summ      0%         N/A       100%        7
 Infestation              Necr           0%         N/A       100%        8


Dungeon Overview and Level Annotations

Branches:
Dungeon (6/15)             Temple (1/1) D:4

Altars:
Ashenzari
Cheibriados
Dithmenos
Elyvilon
Fedhas
Gozag
Hepliaklqana
Kikubaaqudgha
Makhleb
Okawaru
Qazlal
Ru
Sif Muna
Trog
Uskayaw
Vehumet
Wu Jian
Xom
Zin
The Shining One

Shops:
D:3 :   D:4 =   D:5 !

Portals:
Abyss: D:5

Annotations:
D:5 2 transporters, mnelsen79's ghost, amateur MiBe


Innate Abilities, Weirdness & Mutations

You have a pair of horns on your head.
You reflexively headbutt those who attack you in melee.


Message History

You are more poisoned.
Something hits you.
You are more poisoned.
You feel very sick. Something hits you.
* * * LOW HITPOINT WARNING * * *
You are lethally poisoned!
Things that are here:
a +0 club; an orc corpse You miss something.
Your headbutt misses something.
* * * LOW HITPOINT WARNING * * *
You feel extremely sick. Something hits you but does no damage.
You are more poisoned.
You feel much better.
You feel very sick.
You hear some strange, mumbled words.
A magic dart appears from out of thin air!
The magic dart hits you.
You closely miss something.
* * * LOW HITPOINT WARNING * * *
You feel very sick.
You hear some strange, mumbled words.
A puff of flame appears from out of thin air!
You block the puff of flame.
You closely miss something. Your headbutt misses something.
* * * LOW HITPOINT WARNING * * *
You feel very sick. Something hits you but does no damage.
You are lethally poisoned!
You hit something.
* * * LOW HITPOINT WARNING * * *
You feel extremely sick. Something hits you but does no damage.
You are more poisoned.
Something hits you but does no damage.
You are more poisoned.
Okay, then.
You miss something.
You die...

.................#.##
#...................#.
#.................... .
...#.##........##...#.#.
.....##..#..............
#..#.##..#............
#..#.##..#..#.###.#.#.#.
.....##..#..#...........
....<....>....).@.......
#..............{).......
.....<........###.#.#.#.
..##.##.....#.# .# #
............#.# .:
#>............# ##.
........... .. ..
..##.## .. #.# ##


There were no monsters in sight!

Vanquished Creatures
  Duvessa (D:5)
  A water moccasin (D:5)
  An orc warrior (D:6)
  A black bear (D:5)
  An ogre (D:4)
  A bullfrog (D:6)
  3 scorpions
  Dowan (D:5)
  3 hounds
  3 jellies
  4 orc priests
  2 iguanas
  Ijyb (D:5)
  3 orc wizards
  8 gnolls
  8 adders
  An ufetubus (D:3)
  2 worms
  2 dart slugs
  26 orcs
  2 bat zombies (D:5)
  9 endoplasms
  4 giant cockroaches
  8 goblins
  8 hobgoblins
  14 jackals
  3 quokkas
  7 ball pythons
  4 bats
  4 frilled lizards
  7 kobolds
  4 rats
  3 rat zombies (D:5)
150 creatures vanquished.

Vanquished Creatures (others)
  An orc (D:5)
1 creature vanquished.

Grand Total: 151 creatures vanquished

Notes
Turn   | Place    | Note
-------+----------+-------------------------------------------
     0 | D:1      | voltaire321 the Minotaur Fighter began the quest for the
                  | Orb.
     0 | D:1      | Reached XP level 1. HP: 19/19 MP: 0/0
   227 | D:1      | Reached XP level 2. HP: 27/27 MP: 1/1
   670 | D:2      | Reached skill level 1 in Dodging
   811 | D:2      | Reached XP level 3. HP: 32/33 MP: 2/2
  1299 | D:2      | Reached XP level 4. HP: 22/40 MP: 3/3
  1692 | D:3      | Reached XP level 5. HP: 47/47 MP: 4/4
  1896 | D:3      | Found a faded altar of an unknown god.
  2000 | D:3      | Found a blossoming altar of Fedhas.
  2002 | D:3      | Found an iron altar of Okawaru.
  2002 | D:3      | Found a hazy altar of Hepliaklqana.
  2004 | D:3      | Found a snail-covered altar of Cheibriados.
  2017 | D:3      | Found a hide-covered altar of Uskayaw.
  2025 | D:3      | Found Exzuirr's Vocational Training.
  2034 | D:3      | Reached XP level 6. HP: 26/55 MP: 5/5
  2430 | D:4      | Found a staircase to the Ecumenical Temple.
  2756 | D:4      | Found a sacrificial altar of Ru.
  2764 | D:4      | Reached skill level 5 in Armour
  2781 | D:4      | Reached skill level 5 in Fighting
  2781 | D:4      | Reached skill level 5 in Shields
  2806 | D:4      | Found Vypahuc's Jewellery Shop.
  2989 | D:4      | Reached XP level 7. HP: 51/61 MP: 6/6
  3181 | Temple   | Entered the Ecumenical Temple
  3190 | Temple   | Became a worshipper of Makhleb the Destroyer
  3568 | D:5      | Entered Level 5 of the Dungeon
  3663 | D:5      | Reached skill level 5 in Axes
  3663 | D:5      | Reached skill level 1 in Invocations
  3764 | D:5      | Found a shimmering altar of Xom.
  3817 | D:5      | Paralysed by an orc for 3 turns
  3823 | D:5      | Paralysed by an orc for 5 turns
  3831 | D:5      | Reached * piety under Makhleb
  3921 | D:5      | Noticed Duvessa
  3921 | D:5      | Noticed Dowan
  3937 | D:5      | Killed Duvessa
  3938 | D:5      | Reached XP level 8. HP: 26/70 MP: 8/8
  3955 | D:5      | Killed Dowan
  4159 | D:5      | Found a transporter.
  4175 | D:5      | Found a transporter.
  4182 | D:5      | Noticed a toenail golem
  4202 | D:5      | Noticed a small abomination
  4206 | D:5      | Found a one-way gate to the infinite horrors of the Abyss.
  4206 | D:5      | Noticed mnelsen79's ghost (amateur MiBe)
  4295 | D:5      | Found an ancient bone altar of Kikubaaqudgha.
  4570 | D:5      | Found Lutsiran's Distillery.
  4692 | D:5      | Noticed Ijyb
  4700 | D:5      | Killed Ijyb
  4880 | D:5      | Found a white marble altar of Elyvilon.
  5090 | D:6      | Succumbed to an orc wizard's poison

Illustrated notes

Levels and vault maps discovered:
D:1:      psy_arrival_spokes, layout_rooms, hangedman_decor_growths,
          solitary_fountain, minmay_statues_item, minivault_19
D:2:      layout_basic, hangedman_decor_peaks_small
D:3:      layout_basic, grunt_temple_overflow_open,
          hellmonk_ecumenical_altar_blasted, nicolae_shop_vocational
D:4:      layout_loops_ring, nicolae_ru_great_annihilating_truth,
          minmay_temple_entry_statues, skrybe_limestone_x, nicolae_stop_n_shop_2
D:5:      layout_loops_corners, lemuel_zombie_altar_kikubaaqudgha,
          nicolae_overflow_crystal_walls, lemuel_doored_altar, serial_shops,
          shop, gammafunk_ghost_abyssal_escape, grunt_ministairs_5,
          uniq_duvessa, uniq_ijyb
D:6:      layout_basic
Temple:   chequers_temple_sunken

Skill      XL: |  1  2  3  4  5  6  7  8 |
---------------+-------------------------+-----
Dodging        | 1 2 3 4 |  4.8
Fighting       | 4 5 6 |  6.5
Axes           | 3 4 5 |  5.8
Armour         | 4 5 6 |  6.6
Shields        | 4 5 6 |  6.6
Invocations    | 1 2 |  2.7

Action                     |  1- 3 |  4- 6 |  7- 9 || total
---------------------------+-------+-------+-------++-------
  Melee: War axe           |    77 |   123 |   166 ||   366
         Headbutt          |     8 |    14 |    39 ||    61
    Use: Scroll            |       |       |     6 ||     6
         Potion            |       |       |     2 ||     2
   Stab: Paralysed         |       |     2 |       ||     2
 Armour: Scale mail        |    30 |    55 |    34 ||   119
         Plate armour      |       |       |    52 ||    52
  Dodge: Dodged            |    45 |    49 |    54 ||   148
  Block: Buckler           |    20 |     3 |       ||    23
         Kite shield       |       |    46 |    87 ||   133
